[ AOE2 MATCH · #478885388 ]
UnrankedMalay vs Ethiopians
[ REPLAY ANALYSIS · EXTRACTED FROM THE RECORDED GAME ]
Feudal
13:01
Castle
16:40
Imperial
35:54
| APM avg | 16.8 |
| APM peak | 42 |
| eAPM avg | 10.9 |
| Villagers / military | 94 / 20 |
Focus
⚔️ 15.2% · 🌾 84.8%
Scout Cavalry ×10 · Battle Elephant ×10
Feudal
—
Castle
—
Imperial
—
| APM avg | 1.0 |
| APM peak | 38 |
| eAPM avg | 0.4 |
| Villagers / military | 4 / 0 |
Focus
⚔️ 0.0% · 🌾 100.0%
Feudal
13:50
Castle
37:28
Imperial
—
| APM avg | 8.6 |
| APM peak | 32 |
| eAPM avg | 5.7 |
| Villagers / military | 65 / 3 |
Focus
⚔️ 6.6% · 🌾 93.4%
Janissary ×3
Feudal
—
Castle
—
Imperial
—
| APM avg | 0.8 |
| APM peak | 20 |
| eAPM avg | 0.4 |
| Villagers / military | 5 / 0 |
Focus
⚔️ 0.0% · 🌾 100.0%
Feudal
12:41
Castle
21:02
Imperial
35:11
| APM avg | 13.4 |
| APM peak | 37 |
| eAPM avg | 7.5 |
| Villagers / military | 98 / 4 |
Focus
⚔️ 8.2% · 🌾 91.8%
Trade Cart ×12 · Scout Cavalry ×4
Feudal
—
Castle
—
Imperial
—
| APM avg | 0.7 |
| APM peak | 22 |
| eAPM avg | 0.6 |
| Villagers / military | 6 / 0 |
Focus
⚔️ 0.0% · 🌾 100.0%
Feudal
—
Castle
—
Imperial
—
| APM avg | 3.4 |
| APM peak | 19 |
| eAPM avg | 0.8 |
| Villagers / military | 5 / 0 |
Focus
⚔️ 52.2% · 🌾 47.8%
Feudal
—
Castle
—
Imperial
—
| APM avg | 1.9 |
| APM peak | 37 |
| eAPM avg | 0.5 |
| Villagers / military | 8 / 0 |
Focus
⚔️ 0.0% · 🌾 100.0%
Match map
Initial resources + every placement click. Lines = walls · curves = elevation contours. ◆ gold · ⬟ stone · ● berries · ✦ relic · ◌ wall gap
Your base· Open — unwalled flank
boatman's base· Open — 4t gap
***Lancelot***'s base· Open — unwalled flank
Scotticus6181's base· Open — unwalled flank
EL THANOS's base· Open — unwalled flank
Manwe's base· Open — unwalled flank
TURK ARMY's base· Open — unwalled flank
matiasalexis05's base· Open — unwalled flank
Smoothed initial terrain · ◌ = detected wall gap · hover for details
Inputs per minute
— Wanted Wolf - - boatman
Build order — Wanted Wolf
First 150 of 205 actions detected
| 0:02 | Create | Villager (Male) ×4 |
| 0:07 | Build | House |
| 0:15 | Build | House |
| 1:32 | Create | Villager (Male) |
| 1:56 | Build | Lumber Camp |
| 2:05 | Create | Villager (Male) |
| 2:29 | Create | Villager (Male) |
| 3:32 | Create | Villager (Male) |
| 3:32 | Create | Villager (Male) |
| 3:36 | Build | House |
| 3:38 | Build | House |
| 4:07 | Create | Villager (Male) |
| 4:07 | Create | Villager (Male) |
| 4:46 | Create | Villager (Male) |
| 4:59 | Create | Villager (Male) |
| 5:22 | Create | Villager (Male) |
| 5:59 | Create | Villager (Male) |
| 6:24 | Create | Villager (Male) |
| 6:35 | Create | Villager (Male) |
| 7:29 | Create | Villager (Male) |
| 7:29 | Create | Villager (Male) |
| 8:02 | Build | Mill |
| 8:07 | Create | Villager (Male) |
| 8:08 | Create | Villager (Male) |
| 8:43 | Build | House |
| 9:01 | Create | Villager (Male) |
| 9:05 | Build | Farm |
| 9:13 | Build | Farm |
| 9:15 | Build | Farm |
| 9:24 | Create | Villager (Male) |
| 9:24 | Create | Villager (Male) |
| 9:51 | Build | Mining Camp |
| 10:28 | Create | Villager (Male) |
| 10:28 | Create | Villager (Male) |
| 10:32 | Research | Loom |
| 10:33 | Research | Feudal Age |
| 12:43 | Create | Villager (Male) |
| 12:43 | Create | Villager (Male) |
| 13:01 | Age | Feudal Age |
| 13:16 | Build | Blacksmith |
| 13:23 | Build | Market |
| 13:30 | Research | Wheelbarrow |
| 13:33 | Build | House |
| 13:36 | Research | Double-Bit Axe |
| 13:38 | Research | Horse Collar |
| 13:41 | Research | Gold Mining |
| 15:04 | Research | Castle Age |
| 16:07 | Build | Farm |
| 16:07 | Build | Farm |
| 16:08 | Build | Farm |
| 16:08 | Build | Farm |
| 16:08 | Build | Farm |
| 16:08 | Build | Farm |
| 16:09 | Build | Farm |
| 16:09 | Build | Farm |
| 16:40 | Age | Castle Age |
| 16:46 | Create | Villager (Male) |
| 16:46 | Create | Villager (Male) |
| 17:05 | Build | Barracks |
| 17:16 | Create | Villager (Male) |
| 17:16 | Create | Villager (Male) |
| 17:18 | Build | House |
| 17:19 | Build | House |
| 18:27 | Research | Hand Cart |
| 18:40 | Build | Stable |
| 18:45 | Build | Stable |
| 18:49 | Create | Villager (Male) |
| 18:49 | Create | Villager (Male) |
| 18:55 | Research | Forging |
| 19:42 | Build | House |
| 19:54 | Create | Villager (Male) |
| 20:02 | Create | Battle Elephant |
| 20:15 | Build | Mill |
| 20:25 | Create | Battle Elephant |
| 20:31 | Build | Stable |
| 20:36 | Create | Battle Elephant |
| 20:39 | Create | Villager (Male) |
| 20:39 | Create | Villager (Male) |
| 21:11 | Create | Battle Elephant |
| 21:27 | Build | Town Center |
| 21:31 | Create | Villager (Male) |
| 21:37 | Create | Battle Elephant |
| 21:40 | Create | Battle Elephant |
| 21:44 | Create | Battle Elephant |
| 21:59 | Create | Villager (Male) |
| 21:59 | Create | Villager (Male) |
| 22:04 | Build | Farm |
| 22:13 | Create | Battle Elephant |
| 22:15 | Create | Battle Elephant |
| 22:20 | Create | Battle Elephant |
| 22:24 | Build | House |
| 22:25 | Build | House |
| 22:40 | Research | Town Watch |
| 23:01 | Create | Villager (Male) |
| 23:24 | Create | Villager (Male) |
| 23:35 | Build | Town Center |
| 23:38 | Create | Villager (Male) |
| 23:54 | Build | Farm |
| 23:57 | Create | Villager (Male) |
| 24:07 | Build | House |
| 24:14 | Build | Farm |
| 24:18 | Create | Villager (Male) |
| 24:26 | Create | Villager (Male) |
| 24:30 | Build | Farm |
| 24:38 | Research | Forging |
| 24:39 | Research | Scale Barding Armor |
| 24:45 | Research | Forging |
| 24:47 | Create | Villager (Male) |
| 24:56 | Build | Farm |
| 25:00 | Build | Farm |
| 25:03 | Create | Villager (Male) |
| 25:22 | Create | Villager (Male) |
| 25:27 | Build | House |
| 25:28 | Build | House |
| 25:29 | Build | House |
| 25:35 | Create | Villager (Male) |
| 25:38 | Create | Villager (Male) |
| 25:40 | Build | Farm |
| 25:47 | Build | Farm |
| 25:49 | Build | Mill |
| 25:54 | Create | Villager (Male) |
| 25:56 | Build | Farm |
| 26:10 | Build | Farm |
| 26:12 | Build | Farm |
| 26:15 | Create | Villager (Male) |
| 26:17 | Create | Villager (Male) |
| 26:22 | Create | Villager (Male) |
| 26:24 | Build | Farm |
| 26:28 | Research | Heavy Plow |
| 26:30 | Research | Bow Saw |
| 26:32 | Create | Villager (Male) |
| 26:33 | Create | Villager (Male) |
| 26:34 | Create | Villager (Male) |
| 28:22 | Build | Farm |
| 28:23 | Build | Farm |
| 28:25 | Create | Villager (Male) |
| 28:25 | Create | Villager (Male) |
| 28:28 | Create | Villager (Male) |
| 28:31 | Create | Villager (Male) |
| 28:31 | Create | Villager (Male) |
| 28:33 | Build | Farm |
| 28:35 | Build | Farm |
| 28:37 | Build | House |
| 28:38 | Build | House |
| 30:13 | Build | Farm |
| 30:15 | Build | Farm |
| 30:19 | Research | Stone Mining |
| 30:20 | Research | Gold Shaft Mining |
| 30:25 | Create | Villager (Male) |
| 30:26 | Create | Villager (Male) |
Build order — boatman
3 actions detected in the replay
| 0:01 | Create | Villager (Male) ×4 |
| 0:03 | Build | House |
| 0:05 | Build | House |
Build order — ***Lancelot***
136 actions detected in the replay
| 0:04 | Create | Villager (Male) |
| 0:04 | Create | Villager (Male) |
| 0:04 | Create | Villager (Male) |
| 0:11 | Build | House |
| 0:20 | Build | House |
| 1:08 | Create | Villager (Male) |
| 1:23 | Build | House |
| 1:47 | Research | Loom |
| 2:08 | Create | Villager (Male) |
| 2:49 | Create | Villager (Male) |
| 3:41 | Create | Villager (Male) |
| 3:41 | Create | Villager (Male) |
| 4:20 | Build | Mill |
| 4:50 | Create | Villager (Male) |
| 4:50 | Create | Villager (Male) |
| 5:27 | Create | Villager (Male) |
| 5:49 | Build | Mill |
| 5:58 | Create | Villager (Male) |
| 6:10 | Create | Villager (Male) |
| 6:10 | Create | Villager (Male) |
| 6:42 | Create | Villager (Male) |
| 6:43 | Create | Villager (Male) |
| 7:48 | Build | Lumber Camp |
| 8:10 | Create | Villager (Male) |
| 9:31 | Create | Villager (Male) |
| 9:32 | Create | Villager (Male) |
| 9:55 | Create | Villager (Male) |
| 9:56 | Create | Villager (Male) |
| 10:31 | Create | Villager (Male) |
| 10:31 | Create | Villager (Male) |
| 10:48 | Build | House |
| 11:22 | Build | House |
| 11:32 | Research | Feudal Age |
| 11:57 | Build | House |
| 12:20 | Create | Villager (Male) |
| 12:46 | Build | House |
| 12:50 | Create | Villager (Male) |
| 13:24 | Create | Villager (Male) |
| 13:40 | Build | Mining Camp |
| 13:45 | Create | Villager (Male) |
| 13:50 | Age | Feudal Age |
| 13:55 | Build | House |
| 14:01 | Research | Horse Collar |
| 14:09 | Research | Double-Bit Axe |
| 14:34 | Create | Villager (Male) |
| 14:34 | Create | Villager (Male) |
| 15:14 | Create | Villager (Male) |
| 15:14 | Create | Villager (Male) |
| 15:24 | Build | Farm |
| 15:30 | Create | Villager (Male) |
| 15:38 | Build | Farm |
| 15:49 | Create | Villager (Male) |
| 16:00 | Build | Farm |
| 16:13 | Research | Stone Mining |
| 16:27 | Build | Farm |
| 16:42 | Create | Villager (Male) |
| 16:58 | Create | Villager (Male) |
| 17:26 | Create | Villager (Male) |
| 17:26 | Create | Villager (Male) |
| 17:39 | Build | Farm |
| 17:44 | Create | Villager (Male) |
| 18:05 | Build | Farm |
| 18:22 | Create | Villager (Male) |
| 18:30 | Build | Farm |
| 18:49 | Create | Villager (Male) |
| 18:57 | Build | Farm |
| 19:21 | Build | Farm |
| 19:44 | Build | Farm |
| 19:48 | Create | Villager (Male) |
| 20:05 | Build | Farm |
| 20:10 | Build | Farm |
| 20:15 | Build | Farm |
| 20:25 | Build | Farm |
| 20:39 | Research | Wheelbarrow |
| 21:00 | Build | Farm |
| 21:04 | Build | Farm |
| 21:11 | Build | Farm |
| 21:29 | Create | Villager (Male) |
| 21:40 | Create | Villager (Male) |
| 22:23 | Create | Villager (Male) |
| 22:32 | Build | Farm |
| 22:52 | Build | Farm |
| 23:20 | Build | Farm |
| 23:34 | Create | Villager (Male) |
| 24:10 | Research | Gold Mining |
| 24:17 | Build | Farm |
| 24:30 | Create | Villager (Male) |
| 24:45 | Create | Villager (Male) |
| 25:01 | Build | Farm |
| 25:21 | Create | Villager (Male) |
| 25:29 | Build | Farm |
| 25:39 | Create | Villager (Male) |
| 25:56 | Build | Farm |
| 26:10 | Create | Villager (Male) |
| 26:31 | Create | Villager (Male) |
| 27:04 | Build | House |
| 27:05 | Build | House |
| 27:07 | Build | House |
| 27:41 | Build | Farm |
| 28:09 | Create | Villager (Male) |
| 28:17 | Build | House |
| 28:29 | Build | Farm |
| 28:45 | Build | Farm |
| 29:08 | Create | Villager (Male) |
| 29:19 | Create | Villager (Male) |
| 29:33 | Create | Villager (Male) |
| 29:41 | Build | Farm |
| 29:56 | Build | House |
| 30:04 | Create | Villager (Male) |
| 30:04 | Create | Villager (Male) |
| 30:46 | Build | Farm |
| 30:51 | Create | Villager (Male) |
| 30:58 | Build | Mining Camp |
| 31:03 | Create | Villager (Male) |
| 31:03 | Create | Villager (Male) |
| 31:20 | Build | Mining Camp |
| 31:24 | Create | Villager (Male) |
| 31:24 | Create | Villager (Male) |
| 33:15 | Build | Blacksmith |
| 33:23 | Build | Market |
| 34:48 | Research | Castle Age |
| 37:28 | Age | Castle Age |
| 37:38 | Research | Hand Cart |
| 37:55 | Research | Heavy Plow |
| 38:05 | Research | Bow Saw |
| 38:12 | Build | Lumber Camp |
| 39:07 | Build | Castle |
| 39:38 | Create | Villager (Male) |
| 39:48 | Create | Villager (Male) |
| 40:24 | Research | Padded Archer Armor |
| 40:38 | Create | Villager (Male) |
| 41:13 | Build | Castle |
| 41:21 | Research | Imperial Age |
| 41:32 | Create | Janissary |
| 41:32 | Create | Janissary |
| 41:33 | Create | Janissary |
Build order — Scotticus6181
5 actions detected in the replay
| 0:03 | Create | Villager (Male) ×4 |
| 0:07 | Build | House |
| 0:11 | Build | House |
| 0:13 | Build | House |
| 1:40 | Create | Villager (Male) |
Build order — EL THANOS
First 150 of 239 actions detected
| 0:11 | Create | Villager (Male) |
| 0:12 | Research | Loom |
| 0:12 | Create | Villager (Male) |
| 0:12 | Create | Villager (Male) |
| 0:46 | Create | Villager (Male) |
| 0:51 | Build | House |
| 0:52 | Build | House |
| 0:54 | Build | House |
| 0:55 | Build | House |
| 0:59 | Build | Lumber Camp |
| 1:40 | Create | Villager (Male) |
| 2:15 | Create | Villager (Male) |
| 2:47 | Create | Villager (Male) |
| 3:17 | Create | Villager (Male) |
| 3:33 | Create | Villager (Male) |
| 4:01 | Create | Villager (Male) |
| 4:01 | Create | Villager (Male) |
| 4:34 | Create | Villager (Male) |
| 4:56 | Create | Villager (Male) |
| 5:17 | Create | Villager (Male) |
| 5:17 | Create | Villager (Male) |
| 6:15 | Build | Mill |
| 6:49 | Create | Villager (Male) |
| 6:49 | Create | Villager (Male) |
| 6:49 | Create | Villager (Male) |
| 6:50 | Create | Villager (Male) |
| 6:51 | Create | Villager (Male) |
| 7:17 | Create | Villager (Male) |
| 7:17 | Create | Villager (Male) |
| 7:47 | Create | Villager (Male) |
| 8:04 | Create | Villager (Male) |
| 8:51 | Build | Mining Camp |
| 8:55 | Create | Villager (Male) |
| 10:00 | Build | House |
| 10:27 | Build | Mill |
| 10:31 | Research | Feudal Age |
| 10:32 | Create | Villager (Male) |
| 10:41 | Build | House |
| 10:42 | Build | House |
| 11:02 | Build | Mill |
| 12:04 | Build | House |
| 12:06 | Build | House |
| 12:07 | Build | House |
| 12:18 | Create | Villager (Male) |
| 12:18 | Create | Villager (Male) |
| 12:41 | Age | Feudal Age |
| 12:50 | Research | Double-Bit Axe |
| 12:54 | Create | Villager (Male) |
| 13:09 | Build | Market |
| 14:05 | Create | Villager (Male) |
| 14:05 | Create | Villager (Male) |
| 14:19 | Build | Blacksmith |
| 14:26 | Build | House |
| 14:32 | Build | House |
| 14:36 | Build | House |
| 15:36 | Create | Villager (Male) |
| 15:36 | Create | Villager (Male) |
| 15:36 | Create | Villager (Male) |
| 15:43 | Build | Farm |
| 15:45 | Build | Farm |
| 15:46 | Build | Farm |
| 15:47 | Build | Farm |
| 15:48 | Build | Farm |
| 15:51 | Build | Farm |
| 15:53 | Build | Farm |
| 15:55 | Build | Farm |
| 16:20 | Create | Villager (Male) |
| 16:41 | Build | Farm |
| 16:42 | Build | Farm |
| 16:43 | Build | Farm |
| 16:44 | Build | Farm |
| 16:49 | Build | Farm |
| 17:00 | Build | Farm |
| 17:32 | Create | Villager (Male) |
| 17:32 | Create | Villager (Male) |
| 17:47 | Build | House |
| 18:03 | Build | House |
| 18:04 | Build | House |
| 18:05 | Build | House |
| 18:09 | Research | Castle Age |
| 19:25 | Create | Villager (Male) |
| 19:25 | Create | Villager (Male) |
| 19:25 | Create | Villager (Male) |
| 19:42 | Build | Mining Camp |
| 20:38 | Build | House |
| 20:39 | Build | House |
| 20:40 | Build | House |
| 21:02 | Age | Castle Age |
| 21:07 | Build | Town Center |
| 21:10 | Build | Town Center |
| 21:18 | Build | Lumber Camp |
| 21:28 | Create | Trade Cart |
| 21:29 | Create | Trade Cart |
| 21:37 | Build | Farm |
| 21:38 | Build | Farm |
| 21:39 | Build | Farm |
| 21:51 | Research | Bow Saw |
| 21:54 | Research | Horse Collar |
| 22:16 | Build | House |
| 22:17 | Build | House |
| 22:19 | Build | House |
| 22:20 | Build | House |
| 22:22 | Build | House |
| 22:40 | Research | Heavy Plow |
| 22:46 | Create | Villager (Male) |
| 22:46 | Create | Villager (Male) |
| 22:47 | Create | Villager (Male) |
| 22:49 | Create | Villager (Male) |
| 22:49 | Create | Villager (Male) |
| 23:35 | Create | Villager (Male) |
| 23:35 | Create | Villager (Male) |
| 23:36 | Create | Villager (Male) |
| 23:46 | Create | Trade Cart |
| 23:47 | Create | Trade Cart |
| 23:47 | Create | Trade Cart |
| 23:59 | Research | Stone Mining |
| 24:32 | Create | Villager (Male) |
| 24:32 | Create | Villager (Male) |
| 24:32 | Create | Villager (Male) |
| 24:33 | Create | Villager (Male) |
| 24:33 | Create | Villager (Male) |
| 24:45 | Create | Villager (Male) |
| 24:46 | Create | Villager (Male) |
| 24:46 | Create | Villager (Male) |
| 24:46 | Create | Villager (Male) |
| 24:46 | Create | Villager (Male) |
| 24:55 | Build | House |
| 24:56 | Build | House |
| 25:02 | Create | Villager (Male) |
| 25:05 | Create | Villager (Male) |
| 25:05 | Create | Villager (Male) |
| 25:08 | Create | Villager (Male) |
| 25:08 | Create | Villager (Male) |
| 25:19 | Build | University |
| 25:26 | Build | Monastery |
| 25:42 | Build | Farm |
| 25:49 | Build | Farm |
| 25:54 | Create | Villager (Male) |
| 25:57 | Create | Villager (Male) |
| 26:01 | Create | Villager (Male) |
| 26:08 | Build | Farm |
| 27:22 | Build | Farm |
| 27:23 | Build | Farm |
| 27:30 | Build | Farm |
| 27:33 | Create | Villager (Male) |
| 27:36 | Create | Villager (Male) |
| 27:36 | Create | Villager (Male) |
| 27:39 | Create | Villager (Male) |
| 27:39 | Create | Villager (Male) |
| 28:42 | Create | Villager (Male) |
Build order — Manwe
11 actions detected in the replay
| 0:12 | Research | Loom |
| 0:13 | Create | Villager (Male) |
| 0:13 | Create | Villager (Male) |
| 0:14 | Create | Villager (Male) |
| 0:14 | Create | Villager (Male) |
| 0:14 | Create | Villager (Male) |
| 0:27 | Build | House |
| 0:33 | Build | House |
| 0:36 | Build | House |
| 1:13 | Build | House |
| 1:40 | Create | Villager (Male) |
Build order — TURK ARMY
11 actions detected in the replay
| 0:06 | Build | House |
| 0:07 | Create | Villager (Male) |
| 0:07 | Create | Villager (Male) |
| 0:08 | Create | Villager (Male) |
| 0:09 | Create | Villager (Male) |
| 0:09 | Create | Villager (Male) |
| 1:37 | Build | Palisade Wall |
| 1:38 | Build | Palisade Wall |
| 1:41 | Build | Palisade Wall |
| 1:43 | Build | Palisade Wall |
| 3:38 | Research | Loom |
Build order — matiasalexis05
7 actions detected in the replay
| 0:02 | Build | House |
| 0:04 | Build | House |
| 0:05 | Build | House |
| 0:07 | Create | Villager (Male) ×4 |
| 2:02 | Create | Villager (Male) |
| 2:27 | Create | Villager (Male) ×2 |
| 2:55 | Create | Villager (Male) |
Match timeline
| 1:37 | TURK ARMY · wall_segment Palisade Wall x5 |
| 1:38 | TURK ARMY · wall_segment Palisade Wall x5 |
| 1:41 | TURK ARMY · wall_segment Palisade Wall x5 |
| 1:43 | TURK ARMY · wall_segment Palisade Wall x4 |
| 2:25 | boatman · resign |
| 12:41 | EL THANOS · age_up feudal |
| 13:01 | Wanted Wolf · age_up feudal |
| 13:50 | ***Lancelot*** · age_up feudal |
| 16:40 | Wanted Wolf · age_up castle |
| 17:05 | Wanted Wolf · first_building Barracks |
| 18:40 | Wanted Wolf · first_building Stable |
| 21:02 | EL THANOS · age_up castle |
| 25:26 | EL THANOS · first_building Monastery |
| 31:34 | EL THANOS · first_building Castle |
| 32:31 | Wanted Wolf · first_building Monastery |
| 35:11 | EL THANOS · age_up imperial |
| 35:54 | Wanted Wolf · age_up imperial |
| 36:45 | EL THANOS · first_building Barracks |
| 37:28 | ***Lancelot*** · age_up castle |
| 37:57 | EL THANOS · first_building Stable |
| 39:07 | ***Lancelot*** · first_building Castle |
[ AI ANALYSIS · 1 CREDIT ]
What really happened in this match?
Wolo.gg analyzes every decision: build order, eco, micro, common mistakes by bracket. Personalized analysis on WhatsApp or Discord in 30 seconds.
Civ guide
Malay
Perfil
Jugador #2490850